 Dungeon Crawl Stone Soup version bcrawl-1.19.2-6-g6a88ae04c9 (webtiles) character file.

Game seed: 4452641568800831472

76 Mrkan the Skirmisher (level 4, 0/40 HPs)
             Began as a Draconian Fighter on Jan 7, 2020.
             Slain by a hippogriff (4 damage)
             ... on level 2 of the Dungeon.
             The game lasted 00:03:03 (1738 turns).

Mrkan the Skirmisher (Draconian Fighter)            Turns: 1738, Time: 00:03:03

Health: 0/40       AC:  7    Str: 27    XL:     4   Next: 12%
Magic:  4/4        EV: 10    Int:  8    God:
Gold:   72         SH: 10    Dex: 11    Spells: 3/3 levels left

rFire    . . .     SeeInvis .   a - +0 flail
rCold    . . .     Gourm    .   b - +0 shield
rNeg     . . .     Faith    .   (armour unavailable)
rPois    .         Spirit   .   (helmet restricted)
rElec    .         Reflect  .   (no cloak)
rCorr    .         Harm     .   f - +0 pair of gloves {Str+3}
MR       .....                  q - +0 pair of boots
Stlth    +.........             (no amulet)
HPRegen  0.13/turn              (no ring)
MPRegen  0.09/turn              (no ring)

@: mighty
A: unfitting armour, cold-blooded, AC +5
a: no special abilities


You were on level 2 of the Dungeon.
You were not hungry.

You visited 1 branch of the dungeon, and saw 3 of its levels.

You collected 72 gold pieces.

Inventory:

Hand Weapons
 a - a +0 flail (weapon)
 m - a +2 mace of draining
Armour
 b - a +0 shield (worn)
 f - a +0 pair of gloves of strength (worn)
 q - a +0 pair of boots (worn)
Scrolls
 e - a scroll of enchant weapon {unknown}
 g - a scroll of immolation {unknown}
 i - 4 scrolls of identify {unknown}
 j - a scroll of remove curse {unknown}
 k - a scroll of magic mapping {unknown}
 n - a scroll of fog {unknown}
 o - a scroll of noise {unknown}
 r - 3 scrolls of amnesia {unknown}
 t - a scroll of teleportation {unknown}
Potions
 h - 2 potions of flight {unknown}
 l - a potion of agility {unknown}
 p - a potion of cancellation {unknown}
 u - a potion of brilliance {unknown}
Comestibles
 d - 6 rations {!d}


   Skills:
 + Level 3.8 Fighting
 * Level 3.2 Maces & Flails
 + Level 3.1 Dodging
 + Level 3.4 Shields


You had 3 spell levels left.
You didn't know any spells.
Your spell library was empty.

Dungeon Overview and Level Annotations

Branches:
Dungeon (3/12)

Altars:


Innate Abilities, Weirdness & Mutations

Your plain brown scales are hard. (AC +5)
You cannot fit into any form of body armour.
You are cold-blooded and may be slowed by cold attacks.


Message History

* * * LOW HITPOINT WARNING * * *
The hippogriff pecks you.
* * * LOW HITPOINT WARNING * * *
The hippogriff claws you.
* * * LOW HITPOINT WARNING * * *
You climb upwards.
There is a stone staircase leading down here.
There is a stone staircase leading down here.
Sorry, you're not good enough to have a special ability.
You feel very mighty all of a sudden. The hippogriff bites you.
* * * LOW HITPOINT WARNING * * *
The hippogriff barely misses you. The hippogriff claws you.
* * * LOW HITPOINT WARNING * * *
You sock the hippogriff!
The hippogriff is lightly wounded.
The hippogriff bites you but does no damage.
The hippogriff pecks you but does no damage.
The hippogriff claws you.
You die...

####.#.......#######
.....#.............#
#..............###.#
#'##...........'...#
...............##..#
.....#.........<#).#
.....#...########..#
.........>......#..#
.....#.#.......H@..###########
.....#.#.....................#
..##+#.##.........########.###
.......##.###'#'#........#.#
.......##'###.#.########.#.#
............#.#.# #.#.#
............#.#.# #.#.#
..............#.# #.#.#
.....######.###.# #.#.#


You could see a hippogriff.

Vanquished Creatures
  An adder (D:2)
  3 oozes
  A dart slug (D:2)
  7 leopard geckos
  An orc (D:3)
  5 bats
  A giant cockroach (D:1)
  5 goblins
  6 hobgoblins
  5 kobolds
  2 quokkas
  2 frilled lizards
  5 rats
44 creatures vanquished.

Notes
Turn   | Place    | Note
-------+----------+-------------------------------------------
     0 | D:1      | Mrkan the Draconian Fighter began the quest for the Orb.
     0 | D:1      | Reached XP level 1. HP: 19/19 MP: 1/1
   141 | D:1      | Reached XP level 2. HP: 21/26 MP: 2/2
   567 | D:1      | Reached XP level 3. HP: 28/31 MP: 3/3
  1607 | D:3      | Reached XP level 4. HP: 33/40 MP: 4/4
  1655 | D:3      | Noticed a hippogriff
  1738 | D:2      | Slain by a hippogriff

Skill      XL: |  1  2  3 |
---------------+----------+-----
Dodging        | 3 |  3.1
Maces & Flails | 3 |  3.2
Fighting       | |  3.8
Shields        | |  3.4

Action                   |  1- 3 |  4- 6 || total
-------------------------+-------+-------++-------
Melee: Flail             |   128 |    10 ||   138
       Tailslap          |     7 |     3 ||    10
  Use: Potion            |       |     1 ||     1
 Stab: Sleeping          |     1 |       ||     1
  Eat: Chunk             |     1 |     2 ||     3
Armor: Skin              |    43 |     7 ||    50
Dodge: Dodged            |    62 |     2 ||    64
Block: Shield            |    81 |     7 ||    88
